 Dungeon Crawl Stone Soup version 0.25-a0-504-g768f60da87 (webtiles) character file.

Game seed: 4253020718314482847, levelgen mode: deterministic

9 BeastOfSaturn the Stinger (level 2, -1/19 HPs)
             Began as a Demonspawn Venom Mage on Feb 14, 2020.
             Slain by a jackal (2 damage)
             ... on level 1 of the Dungeon.
             The game lasted 00:02:17 (183 turns).

BeastOfSaturn the Stinger (Demonspawn Venom Mage)    Turns: 183, Time: 00:02:19

Health: -1/19      AC:  5    Str:  8    XL:     2   Next: 3%
Magic:  1/5        EV: 10    Int: 16    God:
Gold:   11         SH:  0    Dex: 13    Spells: 4/5 levels left

rFire    . . .     SeeInvis .   e - +0 mace
rCold    . . .     Gourm    .   (no shield)
rNeg     . . .     Faith    .   d - +0 ring mail
rPois    .         Spirit   .   (no helmet)
rElec    .         Reflect  .   (no cloak)
rCorr    .         Harm     .   (no gloves)
MR       .....                  (no boots)
Stlth    +.........             (no amulet)
HPRegen  0.06/turn              (no ring)
MPRegen  0.09/turn              (no ring)

@: very slightly contaminated
A: powered by pain 1
a: no special abilities


You were on level 1 of the Dungeon.
You were not hungry.

You visited 1 branch of the dungeon, and saw 1 of its levels.

You collected 11 gold pieces.

Inventory:

Hand Weapons
 e - a +0 mace (weapon)
Missiles
 b - 3 javelins (quivered)
Armour
 a - a +0 robe
 d - a +0 ring mail (worn)
Comestibles
 c - a ration


   Skills:
 + Level 1.8 Dodging
 - Level 1.7 Stealth
 + Level 2.2 Spellcasting
 - Level 0.8 Transmutations
 * Level 3.3 Poison Magic


You had 4 spell levels left.
You knew the following spells:

 Your Spells              Type           Power        Failure   Level  Hunger
a - Sting                 Tmut/Pois      #...         26%         1    #......

Your spell library contained the following spells:

 Spells                   Type           Power        Failure   Level  Hunger
 Poisonous Vapours        Pois/Air       #.....       43%         2    ###....
 Ignite Poison            Fire/Tmut/Pois #.......     71%         3    ###....
 Mephitic Cloud           Conj/Pois/Air  #.......     77%         3    ###....
 Olgreb's Toxic Radiance  Pois           ##......     85%         4    #####..


Dungeon Overview and Level Annotations

Branches:
Dungeon (1/15)

Altars:


Innate Abilities, Weirdness & Mutations

You sometimes gain a little power by taking damage.


Message History

You see here a rat corpse.
The jackal closely misses you. The jackal barely misses you.
You see here 2 stones.
The jackal bites you.
* * * LOW HITPOINT WARNING * * *
Casting: Sting (safe; 26% risk of failure)
Confirm with . or Enter, or press ? or * to list all spells.
Aiming: Sting (safe; 26% risk of failure)
Press: ? - help, Shift-Dir - straight line, f/p - jackal
Aim: a jackal The sting hits the jackal.
The jackal is poisoned.
The jackal is lightly wounded.
The jackal closely misses you.
You closely miss the jackal.
The jackal is moderately wounded.
The jackal misses you. The jackal barely misses you.
You miss the jackal.
The jackal is heavily wounded.
The jackal barely misses you. The jackal bites you.
You die...

.........................
.........................
.........................
................#.....##.
...............#######
................#######
#.............#.......####
#.....#.....###.........# #
##########..@hh†........#####
#####..........†....
#......)..###...
#.............##
#..........#### ##.......###
#.........# #.........#
#.........#


You could see 2 jackals.

Vanquished Creatures
  A giant cockroach (D:1)
  2 hobgoblins (D:1)
  A jackal (D:1)
  A kobold (D:1)
  A bat (D:1)
  A frilled lizard (D:1)
  A rat (D:1)
8 creatures vanquished.

Notes
Turn   | Place    | Note
-------+----------+-------------------------------------------
     0 | D:1      | BeastOfSaturn the Demonspawn Venom Mage began the quest for
                  | the Orb.
     0 | D:1      | Reached XP level 1. HP: 13/13 MP: 3/3
   169 | D:1      | Gained mutation: You sometimes gain a little power by
                  | taking damage. [demonic ancestry]
   169 | D:1      | Reached XP level 2. HP: 2/19 MP: 1/5
   183 | D:1      | Slain by a jackal

Levels and vault maps discovered:
D:1:      evilmike_arrival_hilbert_curve, layout_rooms

Action                   || total
-------------------------++-------
Melee: Mace              ||     4
Throw: Javelin           ||     9
 Cast: Sting             ||     8
Armor: Ring mail         ||     6
Dodge: Dodged            ||    22

Table legend:
 A = Non-vault XP
 B = Vault XP
 C = Vault XP percentage of total XP
 D = Non-vault monster count
 E = Vault monster count
 F = Vault count percentage of total count
                 A         B        C        D         E       F
            +---------+---------+-------+---------+---------+-------
      Total |      13 |       0 |   0.0 |       8 |       0 |   0.0
            +---------+---------+-------+---------+---------+-------
        D:1 |      13 |       0 |   0.0 |       8 |       0 |   0.0
            +---------+---------+-------+---------+---------+-------
